 Dungeon Crawl Stone Soup version 0.31-a0-188-g5e087ee2ca (webtiles) character file.

Game seed: 8564994089799326106

53 qw the Shooter (level 3, -2/20 HPs)
             Began as a Deep Elf Hunter on June 23, 2023.
             Slain by an adder (3 damage)
             ... on level 2 of the Dungeon.
             The game lasted 00:00:30 (902 turns).

qw the Shooter (Deep Elf Hunter)                     Turns: 902, Time: 00:00:30

Health: -2/20      AC:  3    Str: 10    XL:     3   Next: 64%
Magic:  5/5        EV: 12    Int: 13    God:
Gold:   107        SH:  0    Dex: 18    Spells: 2/2 levels left

rFire   . . .        Y - +1 shortbow
rCold   . . .        (shield currently unavailable)
rNeg    . . .        c - +0 leather armour
rPois   .            (no helmet)
rElec   .            (no cloak)
rCorr   .            (no gloves)
SInv    .            (no boots)
Will    .....        (no amulet)
Stlth   ++           (no ring)
HPRegen 0.23/turn    (no ring)
MPRegen 0.09/turn

%: no passive effects
@: lethally poisoned (-2 -> -3)
A: no striking features
a: no special abilities


You were on level 2 of the Dungeon.
You visited 1 branch of the dungeon, and saw 2 of its levels.

You collected 107 gold pieces.


   Skills:
 - Level 1.5 Fighting
 + Level 7.1 Ranged Weapons
 - Level 2.4 Dodging
 - Level 1.2 Stealth


You had 2 spell levels left.
You didn't know any spells.
Your spell library was empty.

Inventory:

Hand Weapons
 Y - a +1 shortbow (weapon)
Armour
 b - a +0 ring mail
 c - a +0 leather armour (worn)
Scrolls
 g - a scroll of identify
Potions
 a - a potion of heal wounds {unknown}
 d - a potion of berserk rage {unknown}
 e - a potion of haste {unknown}
 h - a potion of might {unknown}
 k - a potion of cancellation {unknown}

Dungeon Overview and Level Annotations

Branches:
Dungeon (2/15)

Altars:
Vehumet


Message History

You shoot an arrow. The arrow hits the hobgoblin!
You kill the hobgoblin!
You hear an angry hiss.
An adder comes into view.
Enter note:
Enter note:
Enter note:
Enter note:
Enter note:
Enter note: You shoot an arrow.
The arrow barely misses the adder.
The adder bites you.
You are poisoned.
The adder poisons you!
You shoot an arrow. The arrow barely misses the adder.
You feel sick. The adder bites you.
A dart slug comes into view.
You shoot an arrow. The arrow misses the adder.
You feel sick. The adder bites you.
You are more poisoned.
The adder poisons you!
A hobgoblin comes into view.
You shoot an arrow. The arrow closely misses the adder.
The hobgoblin shouts!
You feel sick. The adder bites you but does no damage.
A rat comes into view.
The adder bites you but does no damage.
You shoot an arrow. The arrow hits the adder.
The adder is lightly wounded.
You feel sick. The adder bites you.
You shoot an arrow. The arrow misses the adder.
You feel sick. The adder misses you. The dart slug launches a dart at you.
The slug dart misses you. The adder barely misses you.
You shoot an arrow. The arrow hits the adder.
The adder is heavily wounded.
You feel sick. The adder closely misses you.
You shoot an arrow. The arrow misses the adder.
You feel sick. The adder bites you.
You die...

...%......#####....# ..
###......# #..... .#
#...##...# ##.###
.##.##...#.## #.. # ..
##.###:.## #.# # .
.##.<# #....##.#### ..w
#...####....#.....)
.....#S####............#
.....g.@..............##
....r####...........####
....>##...###....#......
. ......................
...##.###.####.#......
.. ... #.####))#.....
..### #....##.#..... ..
####....#..... .
###...##...


You could see an adder, a dart slug, a hobgoblin and a rat.

Vanquished Creatures
  A dart slug (D:1)
  3 bats
  4 endoplasms (D:1)
  2 giant cockroaches
  5 goblins
  7 hobgoblins
  5 jackals
  4 kobolds
  6 ball pythons (D:1)
  3 frilled lizards
  5 rats
45 creatures vanquished.

Notes
Turn   | Place    | Note
-------+----------+-------------------------------------------
     0 | D:1      | qw the Deep Elf Hunter began the quest for the Orb.
     0 | D:1      | Reached XP level 1. HP: 12/12 MP: 3/3
     0 | D:1      | 0 ||| qw: Version: 0.3-a-9-g12657ce
     0 | D:1      | 0 ||| qw: Game counter: 3078
     0 | D:1      | 0 ||| qw: Always use a shield: true
     0 | D:1      | 0 ||| qw: God list: Okawaru
     0 | D:1      | 0 ||| qw: Allow faded altars: false
     0 | D:1      | 0 ||| qw: Do Orc after D:15 true
     0 | D:1      | 0 ||| qw: Do second Lair branch before Depths: true
     0 | D:1      | 0 ||| qw: Lair rune preference: random
     0 | D:1      | 0 ||| qw: Plans: Normal
     0 | D:1      | 0 ||| PLANNING D:1-11
    26 | D:1      | HP: 3/12 [frozen (3)]
   109 | D:1      | Found a faded altar of an unknown god.
   121 | D:1      | Reached XP level 2. HP: 16/16 MP: 4/4
   124 | D:1      | Reached skill level 6 in Ranged Weapons
   283 | D:1      | Reached XP level 3. HP: 12/20 MP: 5/5
   344 | D:1      | 344 ||| FLEEEEING.
   345 | D:1      | 345 ||| FLEEEEING.
   624 | D:1      | 624 ||| DROPPING +6 ring of intelligence.
   625 | D:1      | 625 ||| READING scroll labelled SOOLLOKAFE.
   628 | D:1      | 628 ||| READING 2 scrolls labelled YTOG INTALL.
   629 | D:1      | 629 ||| READING scroll labelled RENNALE MOURA.
   630 | D:1      | 630 ||| DROPPING scroll of butterflies.
   702 | D:2      | Reached skill level 7 in Ranged Weapons
   817 | D:2      | Found a radiant altar of Vehumet.
   899 | D:2      | HP: 5/20 [adder (3)]
   901 | D:2      | HP: 2/20 [poisoned by an adder]
   902 | D:2      | Slain by an adder

Levels and vault maps discovered:
D:1:      mrwooster_arrival_statue, layout_basic,
          dreamdust_ecumenical_altar_angels_and_demons, nicolae_titane
D:2:      layout_rooms, basic_altar

Skill      XL: |  1  2  3 |
---------------+----------+-----
Ranged Weapons | 6 7 |  7.1
Fighting       | |  1.5
Dodging        | |  2.4
Stealth        | |  1.2

Action                     || total
---------------------------++-------
   Fire: Shortbow          ||   127
    Use: Scroll            ||     3
 Armour: Leather armour    ||    14
  Dodge: Dodged            ||    27

Table legend:
 A = Non-vault XP
 B = Vault XP
 C = Vault XP percentage of total XP
 D = Non-vault monster count
 E = Vault monster count
 F = Vault count percentage of total count
                 A         B        C        D         E       F
            +---------+---------+-------+---------+---------+-------
      Total |      77 |       0 |   0.0 |      45 |       0 |   0.0
            +---------+---------+-------+---------+---------+-------
        D:1 |      51 |       0 |   0.0 |      30 |       0 |   0.0
        D:2 |      26 |       0 |   0.0 |      15 |       0 |   0.0
            +---------+---------+-------+---------+---------+-------
